 Dungeon Crawl Stone Soup version 0.28.0-53-g5a82cb258f (webtiles) character file.

Game seed: 18143462201028989720

66 bnorton916 the Magician (level 3, -1/19 HPs)
             Began as a Deep Elf Fire Elementalist on June 2, 2022.
             Slain by a gnoll
             ... wielding a +0 flail
              (6 damage)
             ... on level 2 of the Dungeon.
             The game lasted 00:01:03 (1941 turns).

bnorton916 the Magician (DEFE)                      Turns: 1941, Time: 00:01:04

Health: -1/19      AC:  2    Str:  5    XL:     3   Next: 96%
Magic:  3/10       EV: 12    Int: 21    God:
Gold:   157        SH:  0    Dex: 15    Spells: 7/10 levels left

rFire   . . .      SeeInvis .   (no weapon)
rCold   . . .      Faith    .   (no shield)
rNeg    . . .      Spirit   .   a - +0 robe
rPois   .          Reflect  .   (no helmet)
rElec   .          Harm     .   (no cloak)
rCorr   .          Rampage  .   (no gloves)
Will    .....                   (no boots)
Stlth   ++........              (no amulet)
HPRegen 0.06/turn               (no ring)
MPRegen 0.12/turn               (no ring)

@: no status effects
A: no striking features
a: no special abilities


You were on level 2 of the Dungeon.
You visited 1 branch of the dungeon, and saw 2 of its levels.

You collected 157 gold pieces.

Inventory:

Missiles
 d - 6 poisoned darts
 f - 52 stones
Armour
 a - a +0 robe (worn)
Wands
 g - a wand of polymorph (8)
Scrolls
 b - 2 scrolls of teleportation {unknown}
 h - a scroll of identify {unknown}
Potions
 c - a potion of flight {unknown}
 e - a potion of invisibility {unknown}


   Skills:
 - Level 2.4 Dodging
 - Level 2.4 Stealth
 + Level 4.2 Spellcasting
 + Level 2.5 Conjurations
 + Level 4.1 Fire Magic


You had 7 spell levels left.
You knew the following spells:

 Your Spells              Type           Power      Damage    Failure   Level
a - Foxfire               Conj/Fire      72%        2x1d7     3%          1
b - Scorch                Fire           42%        2d7       3%          2

Your spell library contained the following spells:

 Spells                   Type           Power      Damage    Failure   Level
 Conjure Flame            Conj/Fire      18%        6-21      9%          3
 Inner Flame              Hex/Fire       13%        N/A       16%         3
 Ignite Poison            Fire/Tmut/Pois 10%        N/A       21%         3
 Flame Wave               Conj/Fire      18%        2d6       30%         4
 Sticky Flame             Conj/Fire      18%        2d4       30%         4


Dungeon Overview and Level Annotations

Branches:
Dungeon (2/15)

Altars:

Annotations:
D:2 1 runed translucent door, Crazy Yiuf


Message History

Casting: Foxfire (safe; 3% risk of failure)
Confirm with . or Enter, or press ? or * to list all spells.
You conjure some foxfire!
The gnoll closely misses you.
The foxfire hits the gnoll.
The gnoll is severely wounded.
The foxfire hits the rat.
You kill the rat!
The gnoll closely misses you.
Casting: Foxfire (safe; 3% risk of failure)
Confirm with . or Enter, or press ? or * to list all spells.
You conjure some foxfire!
The foxfire hits the gnoll.
You kill the gnoll!
The gnoll hits you from afar with a +0 spear.
The foxfire hits the gnoll but does no damage.
The gnoll hits you from afar with a +0 spear!
* * * LOW HITPOINT WARNING * * *
Casting: Foxfire (safe; 3% risk of failure)
Confirm with . or Enter, or press ? or * to list all spells.
You conjure some foxfire!
The gnoll drinks a potion.
The gnoll suddenly seems more resistant.
The foxfire hits the gnoll.
The gnoll is heavily wounded.
The foxfire hits the gnoll.
The gnoll completely resists.
The gnoll barely misses you.
Casting: Foxfire (safe; 3% risk of failure)
Confirm with . or Enter, or press ? or * to list all spells.
You conjure some foxfire!
The gnoll closely misses you.
The foxfire hits the gnoll.
The gnoll resists.
The gnoll is lightly wounded.
The foxfire hits the gnoll.
The gnoll resists.
The gnoll is moderately wounded.
The gnoll misses you.
An endoplasm comes into view.
The gnoll barely misses you.
Casting: Foxfire (safe; 3% risk of failure)
Confirm with . or Enter, or press ? or * to list all spells.
You conjure some foxfire!
The endoplasm quivers.
The gnoll hits you with a +0 flail.
You die...

#.. #....# #.##
#....### # #...
#......# ###..
#....#...
#.##....####
#.......# ###..####
#....############
.....##....#@g.....#
..### ####..vv.....#
# ###g......#
#)......# #.......#
........# ........#
..J.....# .######


You could see 2 gnolls and an endoplasm.

Vanquished Creatures
  An adder (D:2)
  2 gnolls (D:2)
  A worm (D:2)
  2 dart slugs (D:2)
  3 bats
  An endoplasm (D:1)
  2 giant cockroaches
  6 hobgoblins
  3 ball pythons (D:1)
  A frilled lizard (D:2)
  2 goblins (D:1)
  3 kobolds (D:1)
  5 rats
32 creatures vanquished.

Vanquished Creatures (others)
  145 foxfires
145 creatures vanquished.

Grand Total: 177 creatures vanquished

Notes
Turn   | Place    | Note
-------+----------+-------------------------------------------
     0 | D:1      | bnorton916 the Deep Elf Fire Elementalist began the quest
                  | for the Orb.
     0 | D:1      | Reached XP level 1. HP: 10/10 MP: 6/6
   539 | D:1      | Reached XP level 2. HP: 15/15 MP: 2/8
  1249 | D:2      | Found a runed translucent door.
  1250 | D:2      | Noticed Crazy Yiuf
  1425 | D:2      | Learned a level 2 spell: Scorch
  1459 | D:2      | Reached XP level 3. HP: 19/19 MP: 5/10
  1941 | D:2      | Slain by a gnoll

Illustrated notes

Levels and vault maps discovered:
D:1:      saegor_arrival_under_anarchy, layout_basic
D:2:      layout_rooms, roderic_lattice_a, grunt_ministairs_13,
          wander_ebering_terrifying_dragon_lair, uniq_crazy_yiuf_cottage

Skill      XL: |  1  2  3 |
---------------+----------+-----
Conjurations   | 2 |  2.5
Spellcasting   | 4 |  4.2
Fire Magic     | 4 |  4.1
Dodging        | |  2.4
Stealth        | |  2.4

Action                   || total
-------------------------++-------
 Cast: Foxfire           ||    87
Dodge: Dodged            ||    10
